Workbook

Sheet ANEXO 1 - COTIZACIONES
B1: ANEXO 1 - ANALISIS DE COTIZACIONES
E2: Compra e instalación de mobiliario destinado a la puesta en funcionamiento de una nueva Unidad, la ampliación y reorganización de espacios en las sedes de la Seccional Atlántico, así como al fortalecimiento de la capacidad operativa mediante la ampliación de personal en las sedes de las Seccionales Bolívar y Magdalena, incluido todo lo relacionado con el sistema de oficina abierta (SOA), archivo, almacenamiento de documentos y silletería
B3: NECESIDAD | H3: COTIZACION 1 | J3: COTIZACION 2 | L3: COTIZACION 3 | N3: COTIZACION 4 | P3: COTIZACION 5 | R3: VALOR COTIZACIÓN HÁBIL MÁS BAJA | S3: PROMEDIO | T3: VALOR COTIZACIÓN HÁBIL MÁS ALTA | U3: PORCENTAJE DIFERENCIAL (BAJA/PROMEDIO) | V3: MEDIA ARITMETICA BAJA | X3: ANALISIS DE COTIZACIONES
B4: ÍTEM | C4: DESCRIPCION | E4: UNIDAD DE MEDIDA | F4: CANTIDAD | H4: VALOR UNITARIO SIN IVA | J4: VALOR UNITARIO SIN IVA | L4: VALOR UNITARIO SIN IVA | N4: VALOR UNITARIO SIN IVA | P4: VALOR UNITARIO SIN IVA | R4: VALOR UNITARIO SIN IVA | S4: VALOR UNITARIO SIN IVA | T4: VALOR UNITARIO SIN IVA | U4: 40% > / < | V4: VALOR UNITARIO SIN IVA | X4: VALOR UNITARIO SIN IVA | Y4: VALOR IVA | Z4: VALOR UNITARIO INCLUIDO IVA | AA4: VALOR TOTAL INCLUIDO IVA
B5: 1 | C5: TIPOLOGÍA FISCAL | D5: SUPERFICIE RECTA DE 1,50 X 0,60M | E5: UND | F5: 60 | H5: 347966 | J5: 561440 | L5: 900000 | R5: =ROUND(MIN(H5,J5),2) -> 347966 | S5: =ROUND(AVERAGE(H5,J5),2) -> 454703 | T5: =+MAX(H5,J5,L5) -> 900000 | U5: =+(T5/R5)-1 -> 1.5864596 | V5: =+ROUND(AVERAGE(R5,S5),2) -> 401334.5 | X5: =+V5 -> 401334.5 | Y5: =ROUND(X5*19%,2) -> 76253.56 | Z5: =+Y5+X5 -> 477588.06 | AA5: =+Z5*F5 -> 28655284 | AB5: =+R5*1.19*F5 -> 24844772 | AC5: =+(AVERAGE(AVERAGE(H5:J5),MIN(H5:J5)))*F5*1.19 -> 28655283
B6: 2 | D6: SUPERFICIE RETORNO DE 0,90 X 0,60M | E6: UND | F6: 30 | H6: 210442 | J6: 331760 | L6: 450000 | R6: =ROUND(MIN(H6,J6,L6),2) -> 210442 | S6: =ROUND(AVERAGE(H6,J6,L6),2) -> 330734 | T6: =+MAX(H6,J6,L6) -> 450000 | U6: =+(T6/R6)-1 -> 1.1383564 | V6: =+ROUND(AVERAGE(R6,S6),2) -> 270588 | X6: =+V6 -> 270588 | Y6: =ROUND(X6*19%,2) -> 51411.72 | Z6: =+Y6+X6 -> 321999.72 | AA6: =+Z6*F6 -> 9659991.6 | AB6: =+R6*1.19*F6 -> 7512779.4 | AC6: =+(AVERAGE(AVERAGE(H6:L6),MIN(H6:L6)))*F6*1.19 -> 9659991.6
B7: 3 | D7: FALDERO MADERA AGLOMERADA 1.50M | E7: UND | F7: 30 | H7: 141931 | J7: 290000 | L7: 300000 | R7: =ROUND(MIN(H7,J7,L7),2) -> 141931 | S7: =ROUND(AVERAGE(H7,J7,L7),2) -> 243977 | T7: =+MAX(H7,J7,L7) -> 300000 | U7: =+(T7/R7)-1 -> 1.1137031 | V7: =+ROUND(AVERAGE(R7,S7),2) -> 192954 | X7: =+V7 -> 192954 | Y7: =ROUND(X7*19%,2) -> 36661.26 | Z7: =+Y7+X7 -> 229615.26 | AA7: =+Z7*F7 -> 6888457.8 | AB7: =+R7*1.19*F7 -> 5066936.7 | AC7: =+(AVERAGE(AVERAGE(H7:L7),MIN(H7:L7)))*F7*1.19 -> 6888457.8
B8: 4 | D8: SILLA OPERATIVA | E8: UND | F8: 30 | H8: 803960 | J8: 835200 | L8: 1400000 | R8: =ROUND(MIN(H8,J8),2) -> 803960 | S8: =ROUND(AVERAGE(H8,J8),2) -> 819580 | T8: =+MAX(H8,J8,L8) -> 1400000 | U8: =+(T8/R8)-1 -> 0.74138017 | V8: =+ROUND(AVERAGE(R8,S8),2) -> 811770 | X8: =+V8 -> 811770 | Y8: =ROUND(X8*19%,2) -> 154236.3 | Z8: =+Y8+X8 -> 966006.3 | AA8: =+Z8*F8 -> 28980189 | AB8: =+R8*1.19*F8 -> 28701372 | AC8: =+(AVERAGE(AVERAGE(H8:J8),MIN(H8:J8)))*F8*1.19 -> 28980189
B9: 5 | D9: SILLAS INTERLOCUTORAS | E9: UND | F9: 60 | H9: 352869 | J9: 735440 | L9: 990000 | R9: =ROUND(MIN(H9,J9,L9),2) -> 352869 | S9: =ROUND(AVERAGE(H9,J9,L9),2) -> 692769.67 | T9: =+MAX(H9,J9,L9) -> 990000 | U9: =+(T9/R9)-1 -> 1.8055737 | V9: =+ROUND(AVERAGE(R9,S9),2) -> 522819.34 | X9: =+V9 -> 522819.34 | Y9: =ROUND(X9*19%,2) -> 99335.67 | Z9: =+Y9+X9 -> 622155.01 | AA9: =+Z9*F9 -> 37329301 | AB9: =+R9*1.19*F9 -> 25194847 | AC9: =+(AVERAGE(AVERAGE(H9:L9),MIN(H9:L9)))*F9*1.19 -> 37329300
B10: 6 | D10: CAJONERA METALICA 2x1 | E10: UND | F10: 30 | H10: 555238 | J10: 881600 | L10: 950000 | R10: =ROUND(MIN(H10,J10,L10),2) -> 555238 | S10: =ROUND(AVERAGE(H10,J10,L10),2) -> 795612.67 | T10: =+MAX(H10,J10,L10) -> 950000 | U10: =+(T10/R10)-1 -> 0.710978 | V10: =+ROUND(AVERAGE(R10,S10),2) -> 675425.34 | X10: =+V10 -> 675425.34 | Y10: =ROUND(X10*19%,2) -> 128330.81 | Z10: =+Y10+X10 -> 803756.15 | AA10: =+Z10*F10 -> 24112684 | AB10: =+R10*1.19*F10 -> 19821997 | AC10: =+(AVERAGE(AVERAGE(H10:L10),MIN(H10:L10)))*F10*1.19 -> 24112684
B11: 7 | D11: SOPORTES Y HERRAJES | E11: UND | F11: 30 | H11: 329127 | J11: 116000 | L11: 550000 | R11: =ROUND(MIN(H11,J11,L11),2) -> 116000 | S11: =ROUND(AVERAGE(H11,J11,L11),2) -> 331709 | T11: =+MAX(H11,J11,L11) -> 550000 | U11: =+(T11/R11)-1 -> 3.7413793 | V11: =+ROUND(AVERAGE(R11,S11),2) -> 223854.5 | X11: =+V11 -> 223854.5 | Y11: =ROUND(X11*19%,2) -> 42532.36 | Z11: =+Y11+X11 -> 266386.86 | AA11: =+Z11*F11 -> 7991605.8 | AB11: =+R11*1.19*F11 -> 4141200 | AC11: =+(AVERAGE(AVERAGE(H11:L11),MIN(H11:L11)))*F11*1.19 -> 7991605.6
B12: 8 | C12: TIPOLOGÍA ASISTENTE | D12: SUPERFICIE RECTA DE 1,50 X 0,60M | E12: UND | F12: 50 | H12: 347966 | J12: 561440 | L12: 900000 | R12: =ROUND(MIN(H12,J12),2) -> 347966 | S12: =ROUND(AVERAGE(H12,J12),2) -> 454703 | T12: =+MAX(H12,J12,L12) -> 900000 | U12: =+(T12/R12)-1 -> 1.5864596 | V12: =+ROUND(AVERAGE(R12,S12),2) -> 401334.5 | X12: =+V12 -> 401334.5 | Y12: =ROUND(X12*19%,2) -> 76253.56 | Z12: =+Y12+X12 -> 477588.06 | AA12: =+Z12*F12 -> 23879403 | AB12: =+R12*1.19*F12 -> 20703977 | AC12: =+(AVERAGE(AVERAGE(H12:J12),MIN(H12:J12)))*F12*1.19 -> 23879403
B13: 9 | D13: SUPERFICIE RETORNO DE 0,90 X 0,60M | E13: UND | F13: 50 | H13: 210442 | J13: 331760 | L13: 450000 | R13: =ROUND(MIN(H13,J13,L13),2) -> 210442 | S13: =ROUND(AVERAGE(H13,J13,L13),2) -> 330734 | T13: =+MAX(H13,J13,L13) -> 450000 | U13: =+(T13/R13)-1 -> 1.1383564 | V13: =+ROUND(AVERAGE(R13,S13),2) -> 270588 | X13: =+V13 -> 270588 | Y13: =ROUND(X13*19%,2) -> 51411.72 | Z13: =+Y13+X13 -> 321999.72 | AA13: =+Z13*F13 -> 16099986 | AB13: =+R13*1.19*F13 -> 12521299 | AC13: =+(AVERAGE(AVERAGE(H13:L13),MIN(H13:L13)))*F13*1.19 -> 16099986
B14: 10 | D14: SILLA OPERATIVA | E14: UND | F14: 50 | H14: 803960 | J14: 835200 | L14: 1400000 | R14: =ROUND(MIN(H14,J14),2) -> 803960 | S14: =ROUND(AVERAGE(H14,J14),2) -> 819580 | T14: =+MAX(H14,J14,L14) -> 1400000 | U14: =+(T14/R14)-1 -> 0.74138017 | V14: =+ROUND(AVERAGE(R14,S14),2) -> 811770 | X14: =+V14 -> 811770 | Y14: =ROUND(X14*19%,2) -> 154236.3 | Z14: =+Y14+X14 -> 966006.3 | AA14: =+Z14*F14 -> 48300315 | AB14: =+R14*1.19*F14 -> 47835620 | AC14: =+(AVERAGE(AVERAGE(H14:J14),MIN(H14:J14)))*F14*1.19 -> 48300315
B15: 11 | D15: CAJONERA METALICA 2x1 | E15: UND | F15: 50 | H15: 555238 | J15: 881600 | L15: 950000 | R15: =ROUND(MIN(H15,J15,L15),2) -> 555238 | S15: =ROUND(AVERAGE(H15,J15,L15),2) -> 795612.67 | T15: =+MAX(H15,J15,L15) -> 950000 | U15: =+(T15/R15)-1 -> 0.710978 | V15: =+ROUND(AVERAGE(R15,S15),2) -> 675425.34 | X15: =+V15 -> 675425.34 | Y15: =ROUND(X15*19%,2) -> 128330.81 | Z15: =+Y15+X15 -> 803756.15 | AA15: =+Z15*F15 -> 40187807 | AB15: =+R15*1.19*F15 -> 33036661 | AC15: =+(AVERAGE(AVERAGE(H15:L15),MIN(H15:L15)))*F15*1.19 -> 40187807
B16: 12 | D16: SOPORTES Y HERRAJES | E16: UND | F16: 50 | H16: 246845 | J16: 116000 | L16: 550000 | R16: =ROUND(MIN(H16,J16,L16),2) -> 116000 | S16: =ROUND(AVERAGE(H16,J16,L16),2) -> 304281.67 | T16: =+MAX(H16,J16,L16) -> 550000 | U16: =+(T16/R16)-1 -> 3.7413793 | V16: =+ROUND(AVERAGE(R16,S16),2) -> 210140.84 | X16: =+V16 -> 210140.84 | Y16: =ROUND(X16*19%,2) -> 39926.76 | Z16: =+Y16+X16 -> 250067.6 | AA16: =+Z16*F16 -> 12503380 | AB16: =+R16*1.19*F16 -> 6902000 | AC16: =+(AVERAGE(AVERAGE(H16:L16),MIN(H16:L16)))*F16*1.19 -> 12503380
B17: 13 | C17: TIPOLOGÍA INVESTIGADOR | D17: SUPERFICIE RECTA DE 1,50 X 0,60M | E17: UND | F17: 25 | H17: 347966 | J17: 561440 | L17: 900000 | R17: =ROUND(MIN(H17,J17),2) -> 347966 | S17: =ROUND(AVERAGE(H17,J17),2) -> 454703 | T17: =+MAX(H17,J17,L17) -> 900000 | U17: =+(T17/R17)-1 -> 1.5864596 | V17: =+ROUND(AVERAGE(R17,S17),2) -> 401334.5 | X17: =+V17 -> 401334.5 | Y17: =ROUND(X17*19%,2) -> 76253.56 | Z17: =+Y17+X17 -> 477588.06 | AA17: =+Z17*F17 -> 11939702 | AB17: =+R17*1.19*F17 -> 10351988 | AC17: =+(AVERAGE(AVERAGE(H17:J17),MIN(H17:J17)))*F17*1.19 -> 11939701
B18: 14 | D18: SILLA OPERATIVA | E18: UND | F18: 25 | H18: 803960 | J18: 835200 | L18: 1400000 | R18: =ROUND(MIN(H18,J18),2) -> 803960 | S18: =ROUND(AVERAGE(H18,J18),2) -> 819580 | T18: =+MAX(H18,J18,L18) -> 1400000 | U18: =+(T18/R18)-1 -> 0.74138017 | V18: =+ROUND(AVERAGE(R18,S18),2) -> 811770 | X18: =+V18 -> 811770 | Y18: =ROUND(X18*19%,2) -> 154236.3 | Z18: =+Y18+X18 -> 966006.3 | AA18: =+Z18*F18 -> 24150158 | AB18: =+R18*1.19*F18 -> 23917810 | AC18: =+(AVERAGE(AVERAGE(H18:J18),MIN(H18:J18)))*F18*1.19 -> 24150158
B19: 15 | D19: CAJONERA METALICA 2x1 | E19: UND | F19: 25 | H19: 555238 | J19: 881600 | L19: 950000 | R19: =ROUND(MIN(H19,J19,L19),2) -> 555238 | S19: =ROUND(AVERAGE(H19,J19,L19),2) -> 795612.67 | T19: =+MAX(H19,J19,L19) -> 950000 | U19: =+(T19/R19)-1 -> 0.710978 | V19: =+ROUND(AVERAGE(R19,S19),2) -> 675425.34 | X19: =+V19 -> 675425.34 | Y19: =ROUND(X19*19%,2) -> 128330.81 | Z19: =+Y19+X19 -> 803756.15 | AA19: =+Z19*F19 -> 20093904 | AB19: =+R19*1.19*F19 -> 16518330 | AC19: =+(AVERAGE(AVERAGE(H19:L19),MIN(H19:L19)))*F19*1.19 -> 20093904
B20: 16 | D20: SOPORTES Y HERRAJES | E20: UND | F20: 25 | H20: 240000 | J20: 116000 | L20: 550000 | R20: =ROUND(MIN(H20,J20,L20),2) -> 116000 | S20: =ROUND(AVERAGE(H20,J20,L20),2) -> 302000 | T20: =+MAX(H20,J20,L20) -> 550000 | U20: =+(T20/R20)-1 -> 3.7413793 | V20: =+ROUND(AVERAGE(R20,S20),2) -> 209000 | X20: =+V20 -> 209000 | Y20: =ROUND(X20*19%,2) -> 39710 | Z20: =+Y20+X20 -> 248710 | AA20: =+Z20*F20 -> 6217750 | AB20: =+R20*1.19*F20 -> 3451000 | AC20: =+(AVERAGE(AVERAGE(H20:L20),MIN(H20:L20)))*F20*1.19 -> 6217750
B21: 17 | C21: SILLA OPERATIVA | E21: UND | F21: 35 | H21: 803960 | J21: 835200 | L21: 1400000 | R21: =ROUND(MIN(H21,J21),2) -> 803960 | S21: =ROUND(AVERAGE(H21,J21),2) -> 819580 | T21: =+MAX(H21,J21,L21) -> 1400000 | U21: =+(T21/R21)-1 -> 0.74138017 | V21: =+ROUND(AVERAGE(R21,S21),2) -> 811770 | X21: =+V21 -> 811770 | Y21: =ROUND(X21*19%,2) -> 154236.3 | Z21: =+Y21+X21 -> 966006.3 | AA21: =+Z21*F21 -> 33810220 | AB21: =+R21*1.19*F21 -> 33484934 | AC21: =+(AVERAGE(AVERAGE(H21:J21),MIN(H21:J21)))*F21*1.19 -> 33810220
B22: 18 | C22: PANEL 1/2 ALTURA MIXTO 0,60 ALTURA 1.35 | E22: UND | F22: 15 | H22: 703218 | J22: 422000 | L22: 1400000 | R22: =ROUND(MIN(H22,J22),2) -> 422000 | S22: =ROUND(AVERAGE(H22,J22),2) -> 562609 | T22: =+MAX(H22,J22,L22) -> 1400000 | U22: =+(T22/R22)-1 -> 2.3175355 | V22: =+ROUND(AVERAGE(R22,S22),2) -> 492304.5 | X22: =+V22 -> 492304.5 | Y22: =ROUND(X22*19%,2) -> 93537.86 | Z22: =+Y22+X22 -> 585842.36 | AA22: =+Z22*F22 -> 8787635.4 | AB22: =+R22*1.19*F22 -> 7532700 | AC22: =+(AVERAGE(AVERAGE(H22:J22),MIN(H22:J22)))*F22*1.19 -> 8787635.3
B23: 19 | C23: PANEL 1/2 ALTURA MIXTO 1,50 ALTURA 1,35 | E23: UND | F23: 35 | H23: 1171715 | J23: 1429128 | L23: 2500000 | R23: =ROUND(MIN(H23,J23),2) -> 1171715 | S23: =ROUND(AVERAGE(H23,J23),2) -> 1300421.5 | T23: =+MAX(H23,J23,L23) -> 2500000 | U23: =+(T23/R23)-1 -> 1.1336246 | V23: =+ROUND(AVERAGE(R23,S23),2) -> 1236068.2 | X23: =+V23 -> 1236068.2 | Y23: =ROUND(X23*19%,2) -> 234852.97 | Z23: =+Y23+X23 -> 1470921.2 | AA23: =+Z23*F23 -> 51482243 | AB23: =+R23*1.19*F23 -> 48801930 | AC23: =+(AVERAGE(AVERAGE(H23:J23),MIN(H23:J23)))*F23*1.19 -> 51482243
B24: 20 | C24: ARCHIVADOR 0.90X0.50M H=2.05 (A1) | E24: UND | F24: 60 | H24: 2100840 | J24: 3016000 | L24: 3900000 | R24: =ROUND(MIN(H24,J24,L24),2) -> 2100840 | S24: =ROUND(AVERAGE(H24,J24,L24),2) -> 3005613.3 | T24: =+MAX(H24,J24,L24) -> 3900000 | U24: =+(T24/R24)-1 -> 0.8564003 | V24: =+ROUND(AVERAGE(R24,S24),2) -> 2553226.7 | X24: =+V24 -> 2553226.7 | Y24: =ROUND(X24*19%,2) -> 485113.07 | Z24: =+Y24+X24 -> 3038339.7 | AA24: =+Z24*F24 -> 1.8230038e+08 | AB24: =+R24*1.19*F24 -> 149999976 | AC24: =+(AVERAGE(AVERAGE(H24:L24),MIN(H24:L24)))*F24*1.19 -> 1.8230038e+08
B25: 21 | C25: ARCHIVADOR 0.75X0.50M H=2.05 (A2) | E25: UND | F25: 20 | H25: 1848739 | J25: 2200000 | L25: 3600000 | R25: =ROUND(MIN(H25,J25),2) -> 1848739 | S25: =ROUND(AVERAGE(H25,J25),2) -> 2024369.5 | T25: =+MAX(H25,J25,L25) -> 3600000 | U25: =+(T25/R25)-1 -> 0.94727325 | V25: =+ROUND(AVERAGE(R25,S25),2) -> 1936554.2 | X25: =+V25 -> 1936554.2 | Y25: =ROUND(X25*19%,2) -> 367945.31 | Z25: =+Y25+X25 -> 2304499.6 | AA25: =+Z25*F25 -> 46089991 | AB25: =+R25*1.19*F25 -> 43999988 | AC25: =+(AVERAGE(AVERAGE(H25:J25),MIN(H25:J25)))*F25*1.19 -> 46089991
B26: 22 | C26: ARCHIVADOR 0.75X0.50M H=0.70 CON SUPERFICIE RECTA DE 0,75 X 0,60M (A3) | E26: UND | F26: 40 | H26: 1176471 | J26: 1763200 | L26: 1900000 | R26: =ROUND(MIN(H26,J26,L26),2) -> 1176471 | S26: =ROUND(AVERAGE(H26,J26,L26),2) -> 1613223.7 | T26: =+MAX(H26,J26,L26) -> 1900000 | U26: =+(T26/R26)-1 -> 0.61499943 | V26: =+ROUND(AVERAGE(R26,S26),2) -> 1394847.3 | X26: =+V26 -> 1394847.3 | Y26: =ROUND(X26*19%,2) -> 265020.99 | Z26: =+Y26+X26 -> 1659868.3 | AA26: =+Z26*F26 -> 66394733 | AB26: =+R26*1.19*F26 -> 56000020 | AC26: =+(AVERAGE(AVERAGE(H26:L26),MIN(H26:L26)))*F26*1.19 -> 66394733
B27: TOTAL | AA27: =SUM(AA5:AA26) -> 7.3585512e+08 | AB27: =SUM(AB5:AB26) -> 6.3034214e+08 | AC27: =SUM(AC5:AC26) -> 7.3585512e+08
AC28: =+AA27-AC27 -> 2.5374999
AB29: 270000000
B30: NOTAS:
B31: 1) Se realizó el estudio con 3 cotizaciones las cuales cumplen con lo solicitado por la entidad | AB31: =+AB27-AB29 -> 3.6034214e+08
B32: 2) Para establecer el valor del mercado de los ítems, se utilizó la formula media aritmetica baja
B33: 3) En el presente análisis se aplicó el procedimiento de aproximación generalmente aceptado por las reglas matemáticas denominado redondeo, que consiste en acercar los valores decimales al número entero más aproximado (esto es, si el tercer decimal es menor que 5, el segundo decimal se mantiene; si el tercer decimal es igual o mayor que 5, el segundo decimal se incrementa en uno)

Sheet ANEXO 2 - HISTORICOS
B1: ANEXO 2 - ANALISIS DE COSTOS HISTORICOS
E2: Compra e instalación de mobiliario destinado a la puesta en funcionamiento de una nueva Unidad, la ampliación y reorganización de espacios en las sedes de la Seccional Atlántico, así como al fortalecimiento de la capacidad operativa mediante la ampliación de personal en las sedes de las Seccionales Bolívar y Magdalena, incluido todo lo relacionado con el sistema de oficina abierta (SOA), archivo, almacenamiento de documentos y silletería
B3: NECESIDAD | M3: ANALISIS DE COSTOS HISTORICOS
J5: 45444 | K5: 46204
J6: 1.4338 | K6: 1.5979
B7: ÍTEM | D7: DESCRIPCION | E7: UNIDAD DE MEDIDA | F7: CANTIDAD | H7: VALOR UNITARIO SIN IVA | J7: VALOR UNITARIO SIN IVA | M7: VALOR UNITARIO SIN IVA | N7: VALOR IVA | O7: VALOR UNITARIO INCLUIDO IVA | P7: VALOR TOTAL INCLUIDO IVA
B8: =+'ANEXO 1 - COTIZACIONES'!B5 -> 1 | C8: =+'ANEXO 1 - COTIZACIONES'!C5 -> TIPOLOGÍA FISCAL | D8: =+'ANEXO 1 - COTIZACIONES'!D5 -> SUPERFICIE RECTA DE 1,50 X 0,60M | E8: =+'ANEXO 1 - COTIZACIONES'!E5 -> UND | F8: 60 | H8: 159768.07 | J8: =ROUND($K$6/$J$6*H8,2) -> 178053.7 | M8: =+J8 -> 178053.7 | N8: =ROUND(M8*19%,2) -> 33830.2 | O8: =+N8+M8 -> 211883.9 | P8: =+O8*F8 -> 12713034
B9: =+'ANEXO 1 - COTIZACIONES'!B6 -> 2 | D9: =+'ANEXO 1 - COTIZACIONES'!D6 -> SUPERFICIE RETORNO DE 0,90 X 0,60M | E9: =+'ANEXO 1 - COTIZACIONES'!E6 -> UND | F9: 30 | H9: 95745.378 | J9: =ROUND($K$6/$J$6*H9,2) -> 106703.54 | M9: =+J9 -> 106703.54 | N9: =ROUND(M9*19%,2) -> 20273.67 | O9: =+N9+M9 -> 126977.21 | P9: =+O9*F9 -> 3809316.3
B10: =+'ANEXO 1 - COTIZACIONES'!B7 -> 3 | D10: =+'ANEXO 1 - COTIZACIONES'!D7 -> FALDERO MADERA AGLOMERADA 1.50M | E10: =+'ANEXO 1 - COTIZACIONES'!E7 -> UND | F10: 30 | H10: 65064.706 | J10: =ROUND($K$6/$J$6*H10,2) -> 72511.43 | M10: =+J10 -> 72511.43 | N10: =ROUND(M10*19%,2) -> 13777.17 | O10: =+N10+M10 -> 86288.6 | P10: =+O10*F10 -> 2588658
B11: =+'ANEXO 1 - COTIZACIONES'!B8 -> 4 | D11: =+'ANEXO 1 - COTIZACIONES'!D8 -> SILLA OPERATIVA | E11: =+'ANEXO 1 - COTIZACIONES'!E8 -> UND | F11: 30 | H11: 468421.85 | J11: =ROUND($K$6/$J$6*H11,2) -> 522033.25 | M11: =+J11 -> 522033.25 | N11: =ROUND(M11*19%,2) -> 99186.32 | O11: =+N11+M11 -> 621219.57 | P11: =+O11*F11 -> 18636587
B12: =+'ANEXO 1 - COTIZACIONES'!B9 -> 5 | D12: =+'ANEXO 1 - COTIZACIONES'!D9 -> SILLAS INTERLOCUTORAS | E12: =+'ANEXO 1 - COTIZACIONES'!E9 -> UND | F12: 60 | H12: 177973.53 | J12: =ROUND($K$6/$J$6*H12,2) -> 198342.8 | M12: =+J12 -> 198342.8 | N12: =ROUND(M12*19%,2) -> 37685.13 | O12: =+N12+M12 -> 236027.93 | P12: =+O12*F12 -> 14161676
B13: =+'ANEXO 1 - COTIZACIONES'!B10 -> 6 | D13: =+'ANEXO 1 - COTIZACIONES'!D10 -> CAJONERA METALICA 2x1 | E13: =+'ANEXO 1 - COTIZACIONES'!E10 -> UND | F13: 30 | H13: 194094.96 | J13: =ROUND($K$6/$J$6*H13,2) -> 216309.34 | M13: =+J13 -> 216309.34 | N13: =ROUND(M13*19%,2) -> 41098.77 | O13: =+N13+M13 -> 257408.11 | P13: =+O13*F13 -> 7722243.3
B14: =+'ANEXO 1 - COTIZACIONES'!B11 -> 7 | D14: =+'ANEXO 1 - COTIZACIONES'!D11 -> SOPORTES Y HERRAJES | E14: =+'ANEXO 1 - COTIZACIONES'!E11 -> UND | F14: 30 | H14: 143270.59 | J14: =ROUND($K$6/$J$6*H14,2) -> 159668.07 | M14: =+J14 -> 159668.07 | N14: =ROUND(M14*19%,2) -> 30336.93 | O14: =+N14+M14 -> 190005 | P14: =+O14*F14 -> 5700150
B15: =+'ANEXO 1 - COTIZACIONES'!B12 -> 8 | C15: =+'ANEXO 1 - COTIZACIONES'!C12 -> TIPOLOGÍA ASISTENTE | D15: =+'ANEXO 1 - COTIZACIONES'!D12 -> SUPERFICIE RECTA DE 1,50 X 0,60M | E15: =+'ANEXO 1 - COTIZACIONES'!E12 -> UND | F15: 50 | H15: 159768.07 | J15: =ROUND($K$6/$J$6*H15,2) -> 178053.7 | M15: =+J15 -> 178053.7 | N15: =ROUND(M15*19%,2) -> 33830.2 | O15: =+N15+M15 -> 211883.9 | P15: =+O15*F15 -> 10594195
B16: =+'ANEXO 1 - COTIZACIONES'!B13 -> 9 | D16: =+'ANEXO 1 - COTIZACIONES'!D13 -> SUPERFICIE RETORNO DE 0,90 X 0,60M | E16: =+'ANEXO 1 - COTIZACIONES'!E13 -> UND | F16: 50 | H16: 95745.378 | J16: =ROUND($K$6/$J$6*H16,2) -> 106703.54 | M16: =+J16 -> 106703.54 | N16: =ROUND(M16*19%,2) -> 20273.67 | O16: =+N16+M16 -> 126977.21 | P16: =+O16*F16 -> 6348860.5
B17: =+'ANEXO 1 - COTIZACIONES'!B14 -> 10 | D17: =+'ANEXO 1 - COTIZACIONES'!D14 -> SILLA OPERATIVA | E17: =+'ANEXO 1 - COTIZACIONES'!E14 -> UND | F17: 50 | H17: 468421.85 | J17: =ROUND($K$6/$J$6*H17,2) -> 522033.25 | M17: =+J17 -> 522033.25 | N17: =ROUND(M17*19%,2) -> 99186.32 | O17: =+N17+M17 -> 621219.57 | P17: =+O17*F17 -> 31060979
B18: =+'ANEXO 1 - COTIZACIONES'!B15 -> 11 | D18: =+'ANEXO 1 - COTIZACIONES'!D15 -> CAJONERA METALICA 2x1 | E18: =+'ANEXO 1 - COTIZACIONES'!E15 -> UND | F18: 50 | H18: 194094.96 | J18: =ROUND($K$6/$J$6*H18,2) -> 216309.34 | M18: =+J18 -> 216309.34 | N18: =ROUND(M18*19%,2) -> 41098.77 | O18: =+N18+M18 -> 257408.11 | P18: =+O18*F18 -> 12870406
B19: =+'ANEXO 1 - COTIZACIONES'!B16 -> 12 | D19: =+'ANEXO 1 - COTIZACIONES'!D16 -> SOPORTES Y HERRAJES | E19: =+'ANEXO 1 - COTIZACIONES'!E16 -> UND | F19: 50 | H19: 108016.81 | J19: =ROUND($K$6/$J$6*H19,2) -> 120379.45 | M19: =+J19 -> 120379.45 | N19: =ROUND(M19*19%,2) -> 22872.1 | O19: =+N19+M19 -> 143251.55 | P19: =+O19*F19 -> 7162577.5
B20: =+'ANEXO 1 - COTIZACIONES'!B17 -> 13 | C20: =+'ANEXO 1 - COTIZACIONES'!C17 -> TIPOLOGÍA INVESTIGADOR | D20: =+'ANEXO 1 - COTIZACIONES'!D17 -> SUPERFICIE RECTA DE 1,50 X 0,60M | E20: =+'ANEXO 1 - COTIZACIONES'!E17 -> UND | F20: 25 | H20: 159768.07 | J20: =ROUND($K$6/$J$6*H20,2) -> 178053.7 | M20: =+J20 -> 178053.7 | N20: =ROUND(M20*19%,2) -> 33830.2 | O20: =+N20+M20 -> 211883.9 | P20: =+O20*F20 -> 5297097.5
B21: =+'ANEXO 1 - COTIZACIONES'!B18 -> 14 | D21: =+'ANEXO 1 - COTIZACIONES'!D18 -> SILLA OPERATIVA | E21: =+'ANEXO 1 - COTIZACIONES'!E18 -> UND | F21: 25 | H21: 468421.85 | J21: =ROUND($K$6/$J$6*H21,2) -> 522033.25 | M21: =+J21 -> 522033.25 | N21: =ROUND(M21*19%,2) -> 99186.32 | O21: =+N21+M21 -> 621219.57 | P21: =+O21*F21 -> 15530489
B22: =+'ANEXO 1 - COTIZACIONES'!B19 -> 15 | D22: =+'ANEXO 1 - COTIZACIONES'!D19 -> CAJONERA METALICA 2x1 | E22: =+'ANEXO 1 - COTIZACIONES'!E19 -> UND | F22: 25 | H22: 194094.96 | J22: =ROUND($K$6/$J$6*H22,2) -> 216309.34 | M22: =+J22 -> 216309.34 | N22: =ROUND(M22*19%,2) -> 41098.77 | O22: =+N22+M22 -> 257408.11 | P22: =+O22*F22 -> 6435202.8
B23: =+'ANEXO 1 - COTIZACIONES'!B20 -> 16 | D23: =+'ANEXO 1 - COTIZACIONES'!D20 -> SOPORTES Y HERRAJES | E23: =+'ANEXO 1 - COTIZACIONES'!E20 -> UND | F23: 25 | H23: 93256.303 | J23: =ROUND($K$6/$J$6*H23,2) -> 103929.59 | M23: =+J23 -> 103929.59 | N23: =ROUND(M23*19%,2) -> 19746.62 | O23: =+N23+M23 -> 123676.21 | P23: =+O23*F23 -> 3091905.2
B24: =+'ANEXO 1 - COTIZACIONES'!B21 -> 17 | C24: =+'ANEXO 1 - COTIZACIONES'!C21 -> SILLA OPERATIVA | E24: =+'ANEXO 1 - COTIZACIONES'!E21 -> UND | F24: 35 | H24: 468421.85 | J24: =ROUND($K$6/$J$6*H24,2) -> 522033.25 | M24: =+J24 -> 522033.25 | N24: =ROUND(M24*19%,2) -> 99186.32 | O24: =+N24+M24 -> 621219.57 | P24: =+O24*F24 -> 21742685
B25: =+'ANEXO 1 - COTIZACIONES'!B22 -> 18 | C25: =+'ANEXO 1 - COTIZACIONES'!C22 -> PANEL 1/2 ALTURA MIXTO 0,60 ALTURA 1.35 | E25: =+'ANEXO 1 - COTIZACIONES'!E22 -> UND | F25: 15 | H25: 298407.56 | J25: =ROUND($K$6/$J$6*H25,2) -> 332560.64 | M25: =+J25 -> 332560.64 | N25: =ROUND(M25*19%,2) -> 63186.52 | O25: =+N25+M25 -> 395747.16 | P25: =+O25*F25 -> 5936207.4
B26: =+'ANEXO 1 - COTIZACIONES'!B23 -> 19 | C26: =+'ANEXO 1 - COTIZACIONES'!C23 -> PANEL 1/2 ALTURA MIXTO 1,50 ALTURA 1,35 | E26: =+'ANEXO 1 - COTIZACIONES'!E23 -> UND | F26: 35 | H26: 490823.53 | J26: =ROUND($K$6/$J$6*H26,2) -> 546998.83 | M26: =+J26 -> 546998.83 | N26: =ROUND(M26*19%,2) -> 103929.78 | O26: =+N26+M26 -> 650928.61 | P26: =+O26*F26 -> 22782501
B27: =+'ANEXO 1 - COTIZACIONES'!B24 -> 20 | C27: =+'ANEXO 1 - COTIZACIONES'!C24 -> ARCHIVADOR 0.90X0.50M H=2.05 (A1) | E27: =+'ANEXO 1 - COTIZACIONES'!E24 -> UND | F27: 60 | H27: 1142458 | J27: =ROUND($K$6/$J$6*H27,2) -> 1273213.6 | M27: =+J27 -> 1273213.6 | N27: =ROUND(M27*19%,2) -> 241910.58 | O27: =+N27+M27 -> 1515124.2 | P27: =+O27*F27 -> 90907449
B28: =+'ANEXO 1 - COTIZACIONES'!B25 -> 21 | C28: =+'ANEXO 1 - COTIZACIONES'!C25 -> ARCHIVADOR 0.75X0.50M H=2.05 (A2) | E28: =+'ANEXO 1 - COTIZACIONES'!E25 -> UND | F28: 20 | H28: 984021.01 | J28: =ROUND($K$6/$J$6*H28,2) -> 1096643.3 | M28: =+J28 -> 1096643.3 | N28: =ROUND(M28*19%,2) -> 208362.23 | O28: =+N28+M28 -> 1305005.5 | P28: =+O28*F28 -> 26100111
B29: =+'ANEXO 1 - COTIZACIONES'!B26 -> 22 | C29: =+'ANEXO 1 - COTIZACIONES'!C26 -> ARCHIVADOR 0.75X0.50M H=0.70 CON SUPERFICIE RECTA DE 0,75 X 0,60M (A3) | E29: =+'ANEXO 1 - COTIZACIONES'!E26 -> UND | F29: 40 | H29: 559478.15 | J29: =ROUND($K$6/$J$6*H29,2) -> 623511.05 | M29: =+J29 -> 623511.05 | N29: =ROUND(M29*19%,2) -> 118467.1 | O29: =+N29+M29 -> 741978.15 | P29: =+O29*F29 -> 29679126
B30: TOTAL | M30: =SUM(M8:M29) -> 8012387.9 | N30: =ROUND(M30*19%,2) -> 1522353.7 | O30: =+N30+M30 -> 9534741.6 | P30: =SUM(P8:P29) -> 3.6087146e+08
B33: NOTAS:
B34: 1) El índice refleja la evolución promedio de los precios de todos los artículos/insumos es decir, se refiere a un promedio tomado sobre la base de todos los productos ofrecidos en el mercado.
B35: 2) Para traer a valor presente los precios unitarios, se toma el índice de serie del mes vigente dividido por el índice de serie del mes y año en que fue efectuada la compra. Este resultado se multiplica por el precio de la misma.
B36: 3) En el presente análisis se aplicó el procedimiento de aproximación generalmente aceptado por las reglas matemáticas denominado redondeo, que consiste en acercar los valores decimales al número entero más aproximado (esto es, si el tercer decimal es menor que 5, el segundo decimal se mantiene; si el tercer decimal es igual o mayor que 5, el segundo decimal se incrementa en uno)

Sheet ANEXO 3 - PROY COSTOS
B1: ANEXO 3 - PROYECCION COSTOS 2026
E2: Compra e instalación de mobiliario destinado a la puesta en funcionamiento de una nueva Unidad, la ampliación y reorganización de espacios en las sedes de la Seccional Atlántico, así como al fortalecimiento de la capacidad operativa mediante la ampliación de personal en las sedes de las Seccionales Bolívar y Magdalena, incluido todo lo relacionado con el sistema de oficina abierta (SOA), archivo, almacenamiento de documentos y silletería
B3: NECESIDAD | H3: ANALISIS DE COTIZACIONES | J3: ANALISIS COSTOS HISTORICOS | L3: PROYECCION COSTOS 2026
J4: 1.0508
B5: ÍTEM | D5: DESCRIPCION | E5: UNIDAD DE MEDIDA | F5: CANTIDAD NECESIDAD | G5: CANTIDAD AJUSTADA | H5: VALOR UNITARIO SIN IVA | J5: VALOR UNITARIO SIN IVA | L5: VALOR UNITARIO SIN IVA | M5: VALOR IVA | N5: VALOR UNITARIO INCLUIDO IVA | O5: VALOR TOTAL NECESIDAD INCLUIDO IVA | P5: VALOR TOTAL CANTIDADES AJUSTADAS INCLUIDO IVA | S5: historico | T5: cotizaciones | V5: estudio de mercado sai
B6: =+'ANEXO 1 - COTIZACIONES'!B5 -> 1 | C6: =+'ANEXO 1 - COTIZACIONES'!C5 -> TIPOLOGÍA FISCAL | D6: =+'ANEXO 1 - COTIZACIONES'!D5 -> SUPERFICIE RECTA DE 1,50 X 0,60M | E6: =+'ANEXO 1 - COTIZACIONES'!E5 -> UND | F6: =+'ANEXO 1 - COTIZACIONES'!F5 -> 60 | G6: 40 | H6: =+'ANEXO 1 - COTIZACIONES'!X5 -> 401334.5 | J6: {=+'ANEXO 2 - HISTORICOS'!J8:K8} -> 178053.7 | K6: 0 | L6: =+ROUND(AVERAGE(H6,J6),2) -> 289694.1 | M6: =ROUND(L6*19%,2) -> 55041.88 | N6: =+ROUND(M6+L6,0) -> 344736 | O6: =+N6*F6 -> 20684160 | P6: =+N6*G6 -> 13789440 | S6: =+L6/J6-1 -> 0.6270041 | T6: =+L6/H6-1 -> -0.27817295 | V6: 406124.31 | W6: =+N6/V6-1 -> -0.15115645 | Y6: =+AVERAGE(H6:J6)*F6*1.19 -> 20684159 | Z6: =+'ANEXO 1 - COTIZACIONES'!R5 -> 347966 | AA6: =+AVERAGE(Z6,J6) -> 263009.85 | AB6: =+AA6*F6*1.19 -> 18778903 | AC6: =+H6/AA6-1 -> 0.52592954 | AD6: =+AA6/J6-1 -> 0.4771378
B7: =+'ANEXO 1 - COTIZACIONES'!B6 -> 2 | D7: =+'ANEXO 1 - COTIZACIONES'!D6 -> SUPERFICIE RETORNO DE 0,90 X 0,60M | E7: =+'ANEXO 1 - COTIZACIONES'!E6 -> UND | F7: =+'ANEXO 1 - COTIZACIONES'!F6 -> 30 | G7: 20 | H7: =+'ANEXO 1 - COTIZACIONES'!X6 -> 270588 | J7: {=+'ANEXO 2 - HISTORICOS'!J9:K9} -> 106703.54 | K7: 0 | L7: =+ROUND(AVERAGE(H7,J7),2) -> 188645.77 | M7: =ROUND(L7*19%,2) -> 35842.7 | N7: =+ROUND(M7+L7,0) -> 224488 | O7: =+N7*F7 -> 6734640 | P7: =+N7*G7 -> 4489760 | S7: =+L7/J7-1 -> 0.76794294 | T7: =+L7/H7-1 -> -0.30283024 | V7: 225557.86 | W7: =+N7/V7-1 -> -0.0047431732 | Y7: =+AVERAGE(H7:J7)*F7*1.19 -> 6734654 | Z7: =+'ANEXO 1 - COTIZACIONES'!R6 -> 210442 | AA7: =+AVERAGE(Z7,J7) -> 158572.77 | AB7: =+AA7*F7*1.19 -> 5661047.9 | AC7: =+H7/AA7-1 -> 0.70639638 | AD7: =+AA7/J7-1 -> 0.48610599
B8: =+'ANEXO 1 - COTIZACIONES'!B7 -> 3 | D8: =+'ANEXO 1 - COTIZACIONES'!D7 -> FALDERO MADERA AGLOMERADA 1.50M | E8: =+'ANEXO 1 - COTIZACIONES'!E7 -> UND | F8: =+'ANEXO 1 - COTIZACIONES'!F7 -> 30 | G8: 20 | H8: =+'ANEXO 1 - COTIZACIONES'!X7 -> 192954 | J8: {=+'ANEXO 2 - HISTORICOS'!J10:K10} -> 72511.43 | K8: 0 | L8: =+ROUND(AVERAGE(H8,J8),2) -> 132732.72 | M8: =ROUND(L8*19%,2) -> 25219.22 | N8: =+ROUND(M8+L8,0) -> 157952 | O8: =+N8*F8 -> 4738560 | P8: =+N8*G8 -> 3159040 | S8: =+L8/J8-1 -> 0.83050755 | T8: =+L8/H8-1 -> -0.31210174 | V8: 200798.59 | W8: =+N8/V8-1 -> -0.21338093 | Y8: =+AVERAGE(H8:J8)*F8*1.19 -> 4738557.9 | Z8: =+'ANEXO 1 - COTIZACIONES'!R7 -> 141931 | AA8: =+AVERAGE(Z8,J8) -> 107221.21 | AB8: =+AA8*F8*1.19 -> 3827797.4 | AC8: =+H8/AA8-1 -> 0.79958789 | AD8: =+AA8/J8-1 -> 0.47868019
B9: =+'ANEXO 1 - COTIZACIONES'!B8 -> 4 | D9: =+'ANEXO 1 - COTIZACIONES'!D8 -> SILLA OPERATIVA | E9: =+'ANEXO 1 - COTIZACIONES'!E8 -> UND | F9: =+'ANEXO 1 - COTIZACIONES'!F8 -> 30 | G9: 20 | H9: =+'ANEXO 1 - COTIZACIONES'!X8 -> 811770 | J9: {=+'ANEXO 2 - HISTORICOS'!J11:K11} -> 522033.25 | K9: 0 | L9: =+ROUND(AVERAGE(H9,J9),2) -> 666901.63 | M9: =ROUND(L9*19%,2) -> 126711.31 | N9: =+ROUND(M9+L9,0) -> 793613 | O9: =+N9*F9 -> 23808390 | P9: =+N9*G9 -> 15872260 | S9: =+L9/J9-1 -> 0.27750796 | T9: =+L9/H9-1 -> -0.17845987 | V9: 862794.27 | W9: =+N9/V9-1 -> -0.080182811 | Y9: =+AVERAGE(H9:J9)*F9*1.19 -> 23808388 | Z9: =+'ANEXO 1 - COTIZACIONES'!R8 -> 803960 | AA9: =+AVERAGE(Z9,J9) -> 662996.62 | AB9: =+AA9*F9*1.19 -> 23668980 | AC9: =+H9/AA9-1 -> 0.22439537 | AD9: =+AA9/J9-1 -> 0.27002758
B10: =+'ANEXO 1 - COTIZACIONES'!B9 -> 5 | D10: =+'ANEXO 1 - COTIZACIONES'!D9 -> SILLAS INTERLOCUTORAS | E10: =+'ANEXO 1 - COTIZACIONES'!E9 -> UND | F10: =+'ANEXO 1 - COTIZACIONES'!F9 -> 60 | G10: 40 | H10: =+'ANEXO 1 - COTIZACIONES'!X9 -> 522819.34 | J10: {=+'ANEXO 2 - HISTORICOS'!J12:K12} -> 198342.8 | K10: 0 | L10: =+ROUND(AVERAGE(H10,J10),2) -> 360581.07 | M10: =ROUND(L10*19%,2) -> 68510.4 | N10: =+ROUND(M10+L10,0) -> 429091 | O10: =+N10*F10 -> 25745460 | P10: =+N10*G10 -> 17163640 | S10: =+L10/J10-1 -> 0.81796904 | T10: =+L10/H10-1 -> -0.31031421 | V10: 609758.02 | W10: =+N10/V10-1 -> -0.29629298 | Y10: =+AVERAGE(H10:J10)*F10*1.19 -> 25745488 | Z10: =+'ANEXO 1 - COTIZACIONES'!R9 -> 352869 | AA10: =+AVERAGE(Z10,J10) -> 275605.9 | AB10: =+AA10*F10*1.19 -> 19678261 | AC10: =+H10/AA10-1 -> 0.89698167 | AD10: =+AA10/J10-1 -> 0.38954326
B11: =+'ANEXO 1 - COTIZACIONES'!B10 -> 6 | D11: =+'ANEXO 1 - COTIZACIONES'!D10 -> CAJONERA METALICA 2x1 | E11: =+'ANEXO 1 - COTIZACIONES'!E10 -> UND | F11: =+'ANEXO 1 - COTIZACIONES'!F10 -> 30 | G11: 20 | H11: =+'ANEXO 1 - COTIZACIONES'!X10 -> 675425.34 | J11: {=+'ANEXO 2 - HISTORICOS'!J13:K13} -> 216309.34 | K11: 0 | L11: =+ROUND(AVERAGE(H11,J11),2) -> 445867.34 | M11: =ROUND(L11*19%,2) -> 84714.79 | N11: =+ROUND(M11+L11,0) -> 530582 | O11: =+N11*F11 -> 15917460 | P11: =+N11*G11 -> 10611640 | S11: =+L11/J11-1 -> 1.0612487 | T11: =+L11/H11-1 -> -0.33987176 | V11: 513856.69 | W11: =+N11/V11-1 -> 0.032548589 | Y11: =+AVERAGE(H11:J11)*F11*1.19 -> 15917464 | Z11: =+'ANEXO 1 - COTIZACIONES'!R10 -> 555238 | AA11: =+AVERAGE(Z11,J11) -> 385773.67 | AB11: =+AA11*F11*1.19 -> 13772120 | AC11: =+H11/AA11-1 -> 0.75083318 | AD11: =+AA11/J11-1 -> 0.7834351
B12: =+'ANEXO 1 - COTIZACIONES'!B11 -> 7 | D12: =+'ANEXO 1 - COTIZACIONES'!D11 -> SOPORTES Y HERRAJES | E12: =+'ANEXO 1 - COTIZACIONES'!E11 -> UND | F12: =+'ANEXO 1 - COTIZACIONES'!F11 -> 30 | G12: 20 | H12: =+'ANEXO 1 - COTIZACIONES'!X11 -> 223854.5 | J12: {=+'ANEXO 2 - HISTORICOS'!J14:K14} -> 159668.07 | K12: 0 | L12: =+ROUND(AVERAGE(H12,J12),2) -> 191761.29 | M12: =ROUND(L12*19%,2) -> 36434.65 | N12: =+ROUND(M12+L12,0) -> 228196 | O12: =+N12*F12 -> 6845880 | P12: =+N12*G12 -> 4563920 | S12: =+L12/J12-1 -> 0.20099961 | T12: =+L12/H12-1 -> -0.14336638 | V12: 197158.19 | W12: =+N12/V12-1 -> 0.15742592 | Y12: =+AVERAGE(H12:J12)*F12*1.19 -> 6845877.9 | Z12: =+'ANEXO 1 - COTIZACIONES'!R11 -> 116000 | AA12: =+AVERAGE(Z12,J12) -> 137834.04 | AB12: =+AA12*F12*1.19 -> 4920675 | AC12: =+H12/AA12-1 -> 0.62408726 | AD12: =+AA12/J12-1 -> -0.13674641
B13: =+'ANEXO 1 - COTIZACIONES'!B12 -> 8 | C13: =+'ANEXO 1 - COTIZACIONES'!C12 -> TIPOLOGÍA ASISTENTE | D13: =+'ANEXO 1 - COTIZACIONES'!D12 -> SUPERFICIE RECTA DE 1,50 X 0,60M | E13: =+'ANEXO 1 - COTIZACIONES'!E12 -> UND | F13: =+'ANEXO 1 - COTIZACIONES'!F12 -> 50 | G13: 36 | H13: =+'ANEXO 1 - COTIZACIONES'!X12 -> 401334.5 | J13: {=+'ANEXO 2 - HISTORICOS'!J15:K15} -> 178053.7 | K13: 0 | L13: =+ROUND(AVERAGE(H13,J13),2) -> 289694.1 | M13: =ROUND(L13*19%,2) -> 55041.88 | N13: =+ROUND(M13+L13,0) -> 344736 | O13: =+N13*F13 -> 17236800 | P13: =+N13*G13 -> 12410496 | S13: =+L13/J13-1 -> 0.6270041 | T13: =+L13/H13-1 -> -0.27817295 | V13: 406124.31 | W13: =+N13/V13-1 -> -0.15115645 | Y13: =+AVERAGE(H13:J13)*F13*1.19 -> 17236799 | Z13: =+'ANEXO 1 - COTIZACIONES'!R12 -> 347966 | AA13: =+AVERAGE(Z13,J13) -> 263009.85 | AB13: =+AA13*F13*1.19 -> 15649086 | AC13: =+H13/AA13-1 -> 0.52592954 | AD13: =+AA13/J13-1 -> 0.4771378
B14: =+'ANEXO 1 - COTIZACIONES'!B13 -> 9 | D14: =+'ANEXO 1 - COTIZACIONES'!D13 -> SUPERFICIE RETORNO DE 0,90 X 0,60M | E14: =+'ANEXO 1 - COTIZACIONES'!E13 -> UND | F14: =+'ANEXO 1 - COTIZACIONES'!F13 -> 50 | G14: 36 | H14: =+'ANEXO 1 - COTIZACIONES'!X13 -> 270588 | J14: {=+'ANEXO 2 - HISTORICOS'!J16:K16} -> 106703.54 | K14: 0 | L14: =+ROUND(AVERAGE(H14,J14),2) -> 188645.77 | M14: =ROUND(L14*19%,2) -> 35842.7 | N14: =+ROUND(M14+L14,0) -> 224488 | O14: =+N14*F14 -> 11224400 | P14: =+N14*G14 -> 8081568 | S14: =+L14/J14-1 -> 0.76794294 | T14: =+L14/H14-1 -> -0.30283024 | V14: 225557.86 | W14: =+N14/V14-1 -> -0.0047431732 | Y14: =+AVERAGE(H14:J14)*F14*1.19 -> 11224423 | Z14: =+'ANEXO 1 - COTIZACIONES'!R13 -> 210442 | AA14: =+AVERAGE(Z14,J14) -> 158572.77 | AB14: =+AA14*F14*1.19 -> 9435079.8 | AC14: =+H14/AA14-1 -> 0.70639638 | AD14: =+AA14/J14-1 -> 0.48610599
B15: =+'ANEXO 1 - COTIZACIONES'!B14 -> 10 | D15: =+'ANEXO 1 - COTIZACIONES'!D14 -> SILLA OPERATIVA | E15: =+'ANEXO 1 - COTIZACIONES'!E14 -> UND | F15: =+'ANEXO 1 - COTIZACIONES'!F14 -> 50 | G15: 36 | H15: =+'ANEXO 1 - COTIZACIONES'!X14 -> 811770 | J15: {=+'ANEXO 2 - HISTORICOS'!J17:K17} -> 522033.25 | K15: 0 | L15: =+ROUND(AVERAGE(H15,J15),2) -> 666901.63 | M15: =ROUND(L15*19%,2) -> 126711.31 | N15: =+ROUND(M15+L15,0) -> 793613 | O15: =+N15*F15 -> 39680650 | P15: =+N15*G15 -> 28570068 | S15: =+L15/J15-1 -> 0.27750796 | T15: =+L15/H15-1 -> -0.17845987 | V15: 862794.27 | W15: =+N15/V15-1 -> -0.080182811 | Y15: =+AVERAGE(H15:J15)*F15*1.19 -> 39680647 | Z15: =+'ANEXO 1 - COTIZACIONES'!R14 -> 803960 | AA15: =+AVERAGE(Z15,J15) -> 662996.62 | AB15: =+AA15*F15*1.19 -> 39448299 | AC15: =+H15/AA15-1 -> 0.22439537 | AD15: =+AA15/J15-1 -> 0.27002758
B16: =+'ANEXO 1 - COTIZACIONES'!B15 -> 11 | D16: =+'ANEXO 1 - COTIZACIONES'!D15 -> CAJONERA METALICA 2x1 | E16: =+'ANEXO 1 - COTIZACIONES'!E15 -> UND | F16: =+'ANEXO 1 - COTIZACIONES'!F15 -> 50 | G16: 36 | H16: =+'ANEXO 1 - COTIZACIONES'!X15 -> 675425.34 | J16: {=+'ANEXO 2 - HISTORICOS'!J18:K18} -> 216309.34 | K16: 0 | L16: =+ROUND(AVERAGE(H16,J16),2) -> 445867.34 | M16: =ROUND(L16*19%,2) -> 84714.79 | N16: =+ROUND(M16+L16,0) -> 530582 | O16: =+N16*F16 -> 26529100 | P16: =+N16*G16 -> 19100952 | S16: =+L16/J16-1 -> 1.0612487 | T16: =+L16/H16-1 -> -0.33987176 | V16: 513856.69 | W16: =+N16/V16-1 -> 0.032548589 | Y16: =+AVERAGE(H16:J16)*F16*1.19 -> 26529107 | Z16: =+'ANEXO 1 - COTIZACIONES'!R15 -> 555238 | AA16: =+AVERAGE(Z16,J16) -> 385773.67 | AB16: =+AA16*F16*1.19 -> 22953533 | AC16: =+H16/AA16-1 -> 0.75083318 | AD16: =+AA16/J16-1 -> 0.7834351
B17: =+'ANEXO 1 - COTIZACIONES'!B16 -> 12 | D17: =+'ANEXO 1 - COTIZACIONES'!D16 -> SOPORTES Y HERRAJES | E17: =+'ANEXO 1 - COTIZACIONES'!E16 -> UND | F17: =+'ANEXO 1 - COTIZACIONES'!F16 -> 50 | G17: 36 | H17: =+'ANEXO 1 - COTIZACIONES'!X16 -> 210140.84 | J17: {=+'ANEXO 2 - HISTORICOS'!J19:K19} -> 120379.45 | K17: 0 | L17: =+ROUND(AVERAGE(H17,J17),2) -> 165260.15 | M17: =ROUND(L17*19%,2) -> 31399.43 | N17: =+ROUND(M17+L17,0) -> 196660 | O17: =+N17*F17 -> 9833000 | P17: =+N17*G17 -> 7079760 | S17: =+L17/J17-1 -> 0.37282692 | T17: =+L17/H17-1 -> -0.21357433 | V17: 155174.48 | W17: =+N17/V17-1 -> 0.26734757 | Y17: =+AVERAGE(H17:J17)*F17*1.19 -> 9832978.6 | Z17: =+'ANEXO 1 - COTIZACIONES'!R16 -> 116000 | AA17: =+AVERAGE(Z17,J17) -> 118189.73 | AB17: =+AA17*F17*1.19 -> 7032288.6 | AC17: =+H17/AA17-1 -> 0.77799585 | AD17: =+AA17/J17-1 -> -0.018190189
B18: =+'ANEXO 1 - COTIZACIONES'!B17 -> 13 | C18: =+'ANEXO 1 - COTIZACIONES'!C17 -> TIPOLOGÍA INVESTIGADOR | D18: =+'ANEXO 1 - COTIZACIONES'!D17 -> SUPERFICIE RECTA DE 1,50 X 0,60M | E18: =+'ANEXO 1 - COTIZACIONES'!E17 -> UND | F18: =+'ANEXO 1 - COTIZACIONES'!F17 -> 25 | G18: 18 | H18: =+'ANEXO 1 - COTIZACIONES'!X17 -> 401334.5 | J18: {=+'ANEXO 2 - HISTORICOS'!J20:K20} -> 178053.7 | K18: 0 | L18: =+ROUND(AVERAGE(H18,J18),2) -> 289694.1 | M18: =ROUND(L18*19%,2) -> 55041.88 | N18: =+ROUND(M18+L18,0) -> 344736 | O18: =+N18*F18 -> 8618400 | P18: =+N18*G18 -> 6205248 | S18: =+L18/J18-1 -> 0.6270041 | T18: =+L18/H18-1 -> -0.27817295 | V18: 406124.31 | W18: =+N18/V18-1 -> -0.15115645 | Y18: =+AVERAGE(H18:J18)*F18*1.19 -> 8618399.5 | Z18: =+'ANEXO 1 - COTIZACIONES'!R17 -> 347966 | AA18: =+AVERAGE(Z18,J18) -> 263009.85 | AB18: =+AA18*F18*1.19 -> 7824543 | AC18: =+H18/AA18-1 -> 0.52592954 | AD18: =+AA18/J18-1 -> 0.4771378
B19: =+'ANEXO 1 - COTIZACIONES'!B18 -> 14 | D19: =+'ANEXO 1 - COTIZACIONES'!D18 -> SILLA OPERATIVA | E19: =+'ANEXO 1 - COTIZACIONES'!E18 -> UND | F19: =+'ANEXO 1 - COTIZACIONES'!F18 -> 25 | G19: 18 | H19: =+'ANEXO 1 - COTIZACIONES'!X18 -> 811770 | J19: {=+'ANEXO 2 - HISTORICOS'!J21:K21} -> 522033.25 | K19: 0 | L19: =+ROUND(AVERAGE(H19,J19),2) -> 666901.63 | M19: =ROUND(L19*19%,2) -> 126711.31 | N19: =+ROUND(M19+L19,0) -> 793613 | O19: =+N19*F19 -> 19840325 | P19: =+N19*G19 -> 14285034 | S19: =+L19/J19-1 -> 0.27750796 | T19: =+L19/H19-1 -> -0.17845987 | V19: 862794.27 | W19: =+N19/V19-1 -> -0.080182811 | Y19: =+AVERAGE(H19:J19)*F19*1.19 -> 19840323 | Z19: =+'ANEXO 1 - COTIZACIONES'!R18 -> 803960 | AA19: =+AVERAGE(Z19,J19) -> 662996.62 | AB19: =+AA19*F19*1.19 -> 19724150 | AC19: =+H19/AA19-1 -> 0.22439537 | AD19: =+AA19/J19-1 -> 0.27002758
B20: =+'ANEXO 1 - COTIZACIONES'!B19 -> 15 | D20: =+'ANEXO 1 - COTIZACIONES'!D19 -> CAJONERA METALICA 2x1 | E20: =+'ANEXO 1 - COTIZACIONES'!E19 -> UND | F20: =+'ANEXO 1 - COTIZACIONES'!F19 -> 25 | G20: 18 | H20: =+'ANEXO 1 - COTIZACIONES'!X19 -> 675425.34 | J20: {=+'ANEXO 2 - HISTORICOS'!J22:K22} -> 216309.34 | K20: 0 | L20: =+ROUND(AVERAGE(H20,J20),2) -> 445867.34 | M20: =ROUND(L20*19%,2) -> 84714.79 | N20: =+ROUND(M20+L20,0) -> 530582 | O20: =+N20*F20 -> 13264550 | P20: =+N20*G20 -> 9550476 | S20: =+L20/J20-1 -> 1.0612487 | T20: =+L20/H20-1 -> -0.33987176 | V20: 513856.69 | W20: =+N20/V20-1 -> 0.032548589 | Y20: =+AVERAGE(H20:J20)*F20*1.19 -> 13264553 | Z20: =+'ANEXO 1 - COTIZACIONES'!R19 -> 555238 | AA20: =+AVERAGE(Z20,J20) -> 385773.67 | AB20: =+AA20*F20*1.19 -> 11476767 | AC20: =+H20/AA20-1 -> 0.75083318 | AD20: =+AA20/J20-1 -> 0.7834351
B21: =+'ANEXO 1 - COTIZACIONES'!B20 -> 16 | D21: =+'ANEXO 1 - COTIZACIONES'!D20 -> SOPORTES Y HERRAJES | E21: =+'ANEXO 1 - COTIZACIONES'!E20 -> UND | F21: =+'ANEXO 1 - COTIZACIONES'!F20 -> 25 | G21: 18 | H21: =+'ANEXO 1 - COTIZACIONES'!X20 -> 209000 | J21: {=+'ANEXO 2 - HISTORICOS'!J23:K23} -> 103929.59 | K21: 0 | L21: =+ROUND(AVERAGE(H21,J21),2) -> 156464.8 | M21: =ROUND(L21*19%,2) -> 29728.31 | N21: =+ROUND(M21+L21,0) -> 186193 | O21: =+N21*F21 -> 4654825 | P21: =+N21*G21 -> 3351474 | S21: =+L21/J21-1 -> 0.50548848 | T21: =+L21/H21-1 -> -0.25136459 | V21: 142750.51 | W21: =+N21/V21-1 -> 0.30432459 | Y21: =+AVERAGE(H21:J21)*F21*1.19 -> 4654827.7 | Z21: =+'ANEXO 1 - COTIZACIONES'!R20 -> 116000 | AA21: =+AVERAGE(Z21,J21) -> 109964.79 | AB21: =+AA21*F21*1.19 -> 3271452.7 | AC21: =+H21/AA21-1 -> 0.90060828 | AD21: =+AA21/J21-1 -> 0.058070132
B22: =+'ANEXO 1 - COTIZACIONES'!B21 -> 17 | C22: =+'ANEXO 1 - COTIZACIONES'!C21 -> SILLA OPERATIVA | E22: =+'ANEXO 1 - COTIZACIONES'!E21 -> UND | F22: =+'ANEXO 1 - COTIZACIONES'!F21 -> 35 | G22: 26 | H22: =+'ANEXO 1 - COTIZACIONES'!X21 -> 811770 | J22: {=+'ANEXO 2 - HISTORICOS'!J24:K24} -> 522033.25 | K22: 0 | L22: =+ROUND(AVERAGE(H22,J22),2) -> 666901.63 | M22: =ROUND(L22*19%,2) -> 126711.31 | N22: =+ROUND(M22+L22,0) -> 793613 | O22: =+N22*F22 -> 27776455 | P22: =+N22*G22 -> 20633938 | S22: =+L22/J22-1 -> 0.27750796 | T22: =+L22/H22-1 -> -0.17845987 | V22: 862794.27 | W22: =+N22/V22-1 -> -0.080182811 | Y22: =+AVERAGE(H22:J22)*F22*1.19 -> 27776453 | Z22: =+'ANEXO 1 - COTIZACIONES'!R21 -> 803960 | AA22: =+AVERAGE(Z22,J22) -> 662996.62 | AB22: =+AA22*F22*1.19 -> 27613809 | AC22: =+H22/AA22-1 -> 0.22439537 | AD22: =+AA22/J22-1 -> 0.27002758
B23: =+'ANEXO 1 - COTIZACIONES'!B22 -> 18 | C23: =+'ANEXO 1 - COTIZACIONES'!C22 -> PANEL 1/2 ALTURA MIXTO 0,60 ALTURA 1.35 | E23: =+'ANEXO 1 - COTIZACIONES'!E22 -> UND | F23: =+'ANEXO 1 - COTIZACIONES'!F22 -> 15 | G23: 9 | H23: =+'ANEXO 1 - COTIZACIONES'!X22 -> 492304.5 | J23: {=+'ANEXO 2 - HISTORICOS'!J25:K25} -> 332560.64 | K23: 0 | L23: =+ROUND(AVERAGE(H23,J23),2) -> 412432.57 | M23: =ROUND(L23*19%,2) -> 78362.19 | N23: =+ROUND(M23+L23,0) -> 490795 | O23: =+N23*F23 -> 7361925 | P23: =+N23*G23 -> 4417155 | S23: =+L23/J23-1 -> 0.24017253 | T23: =+L23/H23-1 -> -0.16224091 | W23: =+N23/V23-1 -> #DIV/0! | Y23: =+AVERAGE(H23:J23)*F23*1.19 -> 7361921.4 | Z23: =+'ANEXO 1 - COTIZACIONES'!R22 -> 422000 | AA23: =+AVERAGE(Z23,J23) -> 377280.32 | AB23: =+AA23*F23*1.19 -> 6734453.7 | AC23: =+H23/AA23-1 -> 0.30487723 | AD23: =+AA23/J23-1 -> 0.13447075
B24: =+'ANEXO 1 - COTIZACIONES'!B23 -> 19 | C24: =+'ANEXO 1 - COTIZACIONES'!C23 -> PANEL 1/2 ALTURA MIXTO 1,50 ALTURA 1,35 | E24: =+'ANEXO 1 - COTIZACIONES'!E23 -> UND | F24: =+'ANEXO 1 - COTIZACIONES'!F23 -> 35 | G24: 24 | H24: =+'ANEXO 1 - COTIZACIONES'!X23 -> 1236068.2 | J24: {=+'ANEXO 2 - HISTORICOS'!J26:K26} -> 546998.83 | K24: 0 | L24: =+ROUND(AVERAGE(H24,J24),2) -> 891533.54 | M24: =ROUND(L24*19%,2) -> 169391.37 | N24: =+ROUND(M24+L24,0) -> 1060925 | O24: =+N24*F24 -> 37132375 | P24: =+N24*G24 -> 25462200 | S24: =+L24/J24-1 -> 0.62986371 | T24: =+L24/H24-1 -> -0.27873437 | V24: 1416384.3 | W24: =+N24/V24-1 -> -0.25096248 | Y24: =+AVERAGE(H24:J24)*F24*1.19 -> 37132372 | Z24: =+'ANEXO 1 - COTIZACIONES'!R23 -> 1171715 | AA24: =+AVERAGE(Z24,J24) -> 859356.92 | AB24: =+AA24*F24*1.19 -> 35792216 | AC24: =+H24/AA24-1 -> 0.43836423 | AD24: =+AA24/J24-1 -> 0.57103977
B25: =+'ANEXO 1 - COTIZACIONES'!B24 -> 20 | C25: =+'ANEXO 1 - COTIZACIONES'!C24 -> ARCHIVADOR 0.90X0.50M H=2.05 (A1) | E25: =+'ANEXO 1 - COTIZACIONES'!E24 -> UND | F25: =+'ANEXO 1 - COTIZACIONES'!F24 -> 60 | G25: 47 | H25: =+'ANEXO 1 - COTIZACIONES'!X24 -> 2553226.7 | J25: {=+'ANEXO 2 - HISTORICOS'!J27:K27} -> 1273213.6 | K25: 0 | L25: =+ROUND(AVERAGE(H25,J25),2) -> 1913220.1 | M25: =ROUND(L25*19%,2) -> 363511.82 | N25: =+ROUND(M25+L25,0) -> 2276732 | O25: =+N25*F25 -> 136603920 | P25: =+N25*G25 -> 107006404 | S25: =+L25/J25-1 -> 0.50267022 | T25: =+L25/H25-1 -> -0.25066578 | V25: 2377803.6 | W25: =+N25/V25-1 -> -0.042506282 | Y25: =+AVERAGE(H25:J25)*F25*1.19 -> 1.3660392e+08 | Z25: =+'ANEXO 1 - COTIZACIONES'!R24 -> 2100840 | AA25: =+AVERAGE(Z25,J25) -> 1687026.8 | AB25: =+AA25*F25*1.19 -> 1.2045371e+08 | AC25: =+H25/AA25-1 -> 0.51344762 | AD25: =+AA25/J25-1 -> 0.32501477
B26: =+'ANEXO 1 - COTIZACIONES'!B25 -> 21 | C26: =+'ANEXO 1 - COTIZACIONES'!C25 -> ARCHIVADOR 0.75X0.50M H=2.05 (A2) | E26: =+'ANEXO 1 - COTIZACIONES'!E25 -> UND | F26: =+'ANEXO 1 - COTIZACIONES'!F25 -> 20 | G26: 8 | H26: =+'ANEXO 1 - COTIZACIONES'!X25 -> 1936554.2 | J26: {=+'ANEXO 2 - HISTORICOS'!J28:K28} -> 1096643.3 | K26: 0 | L26: =+ROUND(AVERAGE(H26,J26),2) -> 1516598.8 | M26: =ROUND(L26*19%,2) -> 288153.77 | N26: =+ROUND(M26+L26,0) -> 1804753 | O26: =+N26*F26 -> 36095060 | P26: =+N26*G26 -> 14438024 | S26: =+L26/J26-1 -> 0.38294629 | T26: =+L26/H26-1 -> -0.21685706 | W26: =+N26/V26-1 -> #DIV/0! | Y26: =+AVERAGE(H26:J26)*F26*1.19 -> 36095051 | Z26: =+'ANEXO 1 - COTIZACIONES'!R25 -> 1848739 | AA26: =+AVERAGE(Z26,J26) -> 1472691.1 | AB26: =+AA26*F26*1.19 -> 35050049 | AC26: =+H26/AA26-1 -> 0.3149765 | AD26: =+AA26/J26-1 -> 0.34290808
B27: =+'ANEXO 1 - COTIZACIONES'!B26 -> 22 | C27: =+'ANEXO 1 - COTIZACIONES'!C26 -> ARCHIVADOR 0.75X0.50M H=0.70 CON SUPERFICIE RECTA DE 0,75 X 0,60M (A3) | D27: =+'ANEXO 1 - COTIZACIONES'!D26 -> 0 | E27: =+'ANEXO 1 - COTIZACIONES'!E26 -> UND | F27: =+'ANEXO 1 - COTIZACIONES'!F26 -> 40 | G27: 33 | H27: =+'ANEXO 1 - COTIZACIONES'!X26 -> 1394847.3 | J27: {=+'ANEXO 2 - HISTORICOS'!J29:K29} -> 623511.05 | K27: 0 | L27: =+ROUND(AVERAGE(H27,J27),2) -> 1009179.2 | M27: =ROUND(L27*19%,2) -> 191744.05 | N27: =+ROUND(M27+L27,0) -> 1200923 | O27: =+N27*F27 -> 48036920 | P27: =+N27*G27 -> 39630459 | S27: =+L27/J27-1 -> 0.61854261 | T27: =+L27/H27-1 -> -0.27649487 | V27: 889386.52 | W27: =+N27/V27-1 -> 0.35028244 | Y27: =+AVERAGE(H27:J27)*F27*1.19 -> 48036930 | Z27: =+'ANEXO 1 - COTIZACIONES'!R26 -> 1176471 | AA27: =+AVERAGE(Z27,J27) -> 899991.03 | AB27: =+AA27*F27*1.19 -> 42839573 | AC27: =+H27/AA27-1 -> 0.54984583 | AD27: =+AA27/J27-1 -> 0.44342434
B28: TOTAL | J28: =SUM(J6:J27) -> 8012387.9 | O28: =SUM(O6:O27) -> 548363255 | P28: =SUM(P6:P27) -> 389872956 | Y28: =SUM(Y6:Y27) -> 5.4836329e+08 | AB28: =SUM(AB6:AB27) -> 4.956068e+08 | AD28: =+AA28/J28-1 -> -1
Y29: =+Y28-O28 -> 35.21425 | AD29: =+AA29/J29-1 -> #DIV/0!
AB30: =+AB28-O30 -> 4.956068e+08
B31: NOTAS:
B32: 1) Para establecer los valores del mercado de los ítems, se utilizó la formula promedio entre análisis de cotizaciones y análisis de costos históricos.
B33: 2) En el presente análisis se aplicó el procedimiento de aproximación generalmente aceptado por las reglas matemáticas denominado redondeo, que consiste en acercar los valores decimales al número entero más aproximado (esto es, si el tercer decimal es menor que 5, el segundo decimal se mantiene; si el tercer decimal es igual o mayor que 5, el segundo decimal se incrementa en uno)
B34: 3) Para efectos del presente estudio, los ítems que cuentan con las mismas especificaciones y/o condiciones técnicas identificados en color, presentan precios iguales. Como excepción, se encuentra el ítem correspondiente a soportes y herrajes cuyo valor varía en función de la tipología del puesto de trabajo.
